 Dungeon Crawl Stone Soup version 0.28-a0-105-g49a0850c41 (webtiles) character file.

Game seed: 6744826956543669757

475 voltaire321 the Slasher (level 6, 0/47 HPs)
             Began as a Demonspawn Gladiator on Aug 11, 2021.
             Slain by a centaur (4 damage)
             ... on level 4 of the Dungeon.
             The game lasted 00:07:40 (3374 turns).

voltaire321 the Slasher (Demonspawn Gladiator)      Turns: 3374, Time: 00:07:41

Health: 0/47       AC:  7    Str: 16    XL:     6   Next: 84%
Magic:  8/8        EV: 10    Int: 10    God:
Gold:   203        SH:  0    Dex: 14    Spells: 5/8 levels left

rFire   . . .      SeeInvis .   a - +0 long sword
rCold   . . .      Faith    .   (no shield)
rNeg    . . .      Spirit   .   h - +0 scale mail
rPois   .          Reflect  .   c - +0 helmet
rElec   .          Harm     .   (no cloak)
rCorr   .          Rampage  .   (no gloves)
Will    .....                   (no boots)
Stlth   ..........              (no amulet)
HPRegen 0.15/turn               (no ring)
MPRegen 0.11/turn               (no ring)

@: no status effects
A: talons 1, spiny 2
a: no special abilities


You were on level 4 of the Dungeon.
You visited 1 branch of the dungeon, and saw 4 of its levels.

You collected 203 gold pieces.

Inventory:

Hand Weapons
 a - a +0 long sword (weapon)
Missiles
 d - 4 throwing nets (quivered)
Armour
 b - a +0 leather armour
 c - a +0 helmet (worn)
 h - a +0 scale mail (worn)
Jewellery
 g - a ring of wizardry
 o - a +6 ring of strength
 s - an amulet of faith
Scrolls
 e - 2 scrolls of identify {unknown}
 i - a scroll of vulnerability {unknown}
 l - 2 scrolls of enchant armour {unknown}
 m - a scroll of teleportation {unknown}
 p - a scroll of silence {unknown}
Potions
 f - a potion of flight {unknown}
 j - a potion of heal wounds {unknown}
 k - 2 potions of lignification {unknown}
 n - a potion of haste {unknown}
 q - a potion of might {unknown}
 r - a potion of curing {unknown}


   Skills:
 + Level 3.4 Fighting
 + Level 3.8 Long Blades
 + Level 3.2 Throwing
 + Level 2.1 Armour
 + Level 3.7 Dodging
 + Level 1.5 Spellcasting
 + Level 1.7 Summonings


You had 5 spell levels left.
You knew the following spells:

 Your Spells              Type           Power      Damage    Failure   Level
a - Call Canine Familiar  Summ           4%         N/A       87%         3

Your spell library contained the following spells:

 Spells                   Type           Power      Damage    Failure   Level
 Portal Projectile        Hex/Tloc       0%         N/A       98%         3
 Leda's Liquefaction      Hex/Erth       0%         N/A       100%        4


Dungeon Overview and Level Annotations

Branches:
Dungeon (4/15)
 Temple: D:4-7

Altars:
Zin


Innate Abilities, Weirdness & Mutations

You have sharp toenails.
You are mostly covered in sharp spines.


Message History

The centaur shoots an arrow.
The arrow hits you!
The centaur shoots an arrow.
The arrow hits you!
The centaur shoots an arrow.
The arrow hits you.
The centaur shoots an arrow.
The arrow hits you.
* * * LOW HITPOINT WARNING * * *
The centaur unwields a +0 shortbow.
The centaur hits you but does no damage.
The centaur kicks you.
* * * LOW HITPOINT WARNING * * *
The centaur closely misses you. The centaur barely misses you.
You slash the centaur! Your kick misses the centaur.
The centaur is heavily wounded.
The centaur hits you but does no damage.
The centaur kicks you but does no damage.
The centaur hits you but does no damage.
The centaur barely misses you.
You barely miss the centaur. You claw the centaur.
The centaur is heavily wounded.
The centaur closely misses you. x2
You completely miss the centaur.
The centaur is heavily wounded.
The centaur closely misses you.
The centaur kicks you but does no damage.
The centaur hits you.
* * * LOW HITPOINT WARNING * * *
The centaur closely misses you.
You closely miss the centaur. You claw the centaur.
The centaur is severely wounded.
The centaur is struck by your spines. The centaur hits you.
* * * LOW HITPOINT WARNING * * *
The centaur closely misses you.
The centaur hits you but does no damage.
The centaur barely misses you.
You barely miss the centaur.
The centaur is almost dead.
The centaur hits you.
* * * LOW HITPOINT WARNING * * *
The centaur kicks you but does no damage.
The centaur hits you.
You die...

##### #
###############...###... ##
..<..............c...... ..
....#.#...####$.@....... #.
....#......###.######..###.
#. ............##.#
#...####. ................
........ ....#.......##..
...###.. .................
# #.......
#####..)†.####### #.
#.####.. #...#.## ##..
##.####.. #.#.#.#
....##.....^..


You could see a centaur.

Vanquished Creatures
  Sigmund (D:4)
  A phantom (D:4)
  A centaur zombie (D:4)
  A bullfrog skeleton (D:3)
  A hound skeleton (D:4)
  7 adders
  A gnoll (D:1)
  5 worms
  5 dart slugs
  4 bats
  6 endoplasms
  A giant cockroach (D:3)
  7 goblins
  6 hobgoblins
  6 jackals
  5 quokkas
  3 ball pythons
  7 frilled lizards
  7 kobolds
  7 rats
82 creatures vanquished.

Vanquished Creatures (others)
  2 fungi (D:1)
  3 plants (D:1)
5 creatures vanquished.

Grand Total: 87 creatures vanquished

Notes
Turn   | Place    | Note
-------+----------+-------------------------------------------
     0 | D:1      | voltaire321 the Demonspawn Gladiator began the quest for
                  | the Orb.
     0 | D:1      | Reached XP level 1. HP: 16/16 MP: 1/1
   380 | D:1      | Gained mutation: You are partially covered in sharp spines.
                  | [demonic ancestry]
   380 | D:1      | Reached XP level 2. HP: 22/22 MP: 2/2
   688 | D:1      | Reached XP level 3. HP: 28/28 MP: 3/3
  1488 | D:2      | Reached skill level 1 in Armour
  1488 | D:2      | Gained mutation: You are mostly covered in sharp spines.
                  | [demonic ancestry]
  1488 | D:2      | Reached XP level 4. HP: 27/34 MP: 4/4
  2060 | D:3      | Learned a level 3 spell: Call Canine Familiar
  2104 | D:3      | Reached XP level 5. HP: 30/40 MP: 5/5
  2722 | D:4      | Noticed Sigmund
  2733 | D:4      | Killed Sigmund
  2734 | D:4      | Reached skill level 1 in Spellcasting
  2734 | D:4      | Reached skill level 1 in Summonings
  2734 | D:4      | Gained mutation: You have sharp toenails. [demonic
                  | ancestry]
  2734 | D:4      | Reached XP level 6. HP: 18/47 MP: 5/7
  3374 | D:4      | Slain by a centaur

Illustrated notes

Levels and vault maps discovered:
D:1:      lemuel_arrival_muddy, layout_loops_ring
D:2:      layout_loops_ring
D:3:      layout_rooms, mainiacjoe_overflow_cross_hatched
D:4:      layout_loops_ring, uniq_sigmund

Skill      XL: |  1  2  3  4  5  6 |
---------------+-------------------+-----
Throwing       | 2 3 |  3.2
Long Blades    | 3 |  3.8
Dodging        | 3 |  3.7
Armour         | 1 2 |  2.1
Fighting       | 3 |  3.4
Spellcasting   | 1 |  1.5
Summonings     | 1 |  1.7

Action                   |  1- 3 |  4- 6 || total
-------------------------+-------+-------++-------
Melee: Long sword        |    87 |    99 ||   186
       Kick              |       |    15 ||    15
 Stab: Sleeping          |     1 |       ||     1
Armor: Leather armour    |    16 |       ||    16
       Scale mail        |    20 |    55 ||    75
Dodge: Dodged            |    52 |    47 ||    99
       Rpst.: Long sword |    18 |    10 ||    28

Table legend: (Time is in decaauts)
 A = Elapsed time spent in this place.
 B = Non-inter-level travel time spent in this place.
 C = Inter-level travel time spent in this place.
 D = Time resting spent in this place.
 E = Time spent auto-exploring this place.
 F = Levels seen in this place.
 G = Mean time per level.
                   A        B        C        D        E       F      G
               +--------+--------+--------+--------+--------+-----+--------+
         Total |   3419 |   3332 |     87 |   1195 |   1431 |   4 |  854.8 |
       Dungeon |   3419 |   3332 |     87 |   1195 |   1431 |   4 |  854.8 |
               +--------+--------+--------+--------+--------+-----+--------+

Top non-repeatable levels by time:
     D:1: 1135 daAuts
     D:3: 793 daAuts
     D:2: 762 daAuts
     D:4: 728 daAuts
